 Dungeon Crawl Stone Soup version 0.30.0 (webtiles) character file.

Game seed: 1715983211947417795

38651 meatpath the Severer (level 13, -7/130 HPs)
             Began as a Minotaur Berserker on May 6, 2023.
             Was a High Priest of Trog.
             Engulfed by a cloud of freezing vapour (14 damage)
             ... in an ice cave.
             The game lasted 00:36:31 (14864 turns).

meatpath the Severer (Minotaur Berserker)          Turns: 14864, Time: 00:36:32

Health: -7/130     AC: 21    Str: 26    XL:     13   Next: 65%
Magic:  0/12       EV:  8    Int:  4    God:    Trog [*****.]
Gold:   1447       SH: 12    Dex: 17    Spells: 12/12 levels left

rFire   . . .        D - +4 broad axe (flame)
rCold   + . .        B - +0 kite shield
rNeg    . . .        q - +0 plate armour
rPois   .            (helmet restricted)
rElec   .            t - scarf {repulsion}
rCorr   .            l - +2 pair of gloves
SInv    .            d - +0 pair of boots
Will    .....        c - amulet of guardian spirit Stlth
                     s - ring of protection from cold
HPRegen 0.41/turn    G - +6 ring of dexterity
MPRegen 0.13/turn

%: repel missiles, guardian spirit
@: on berserk cooldown, slowed, very slow
A: horns 2, retaliatory headbutt
a: Renounce Religion, Berserk, Trog's Hand, Brothers in Arms


You were in an ice cave.
You worshipped Trog.
Trog was extremely pleased with you.
You visited 2 branches of the dungeon, and saw 16 of its levels.
You also visited: Sewer and Ice Cave.

You collected 1612 gold pieces.
You spent 165 gold pieces at shops.

Inventory:

Hand Weapons
 D - a +4 broad axe of flaming (weapon)
 Q - a +4 battleaxe of freezing
Missiles
 O - a throwing net (quivered)
Armour
 d - a +0 pair of boots (worn)
 l - a +2 pair of gloves (worn)
 n - a +0 cloak of willpower
 q - a +0 plate armour (worn)
 t - a scarf of repulsion (worn)
 B - a +0 kite shield (worn)
Jewellery
 c - an amulet of guardian spirit (around neck)
 k - a ring of ice
 s - a ring of protection from cold (left hand)
 w - a ring of flight
 G - a +6 ring of dexterity (right hand)
Wands
 m - a wand of charming (10)
 A - a wand of roots (14)
 N - a wand of flame (19)
Scrolls
 a - 2 scrolls of fog
 b - a scroll of fear
 e - 2 scrolls of magic mapping
 h - 2 scrolls of identify
 i - 6 scrolls of teleportation
 r - 3 scrolls of noise
 y - a scroll of butterflies
 C - 2 scrolls of blinking
 I - 2 scrolls of poison
 K - 3 scrolls of enchant armour {unknown}
 M - 2 scrolls of torment {unknown}
Potions
 f - 4 potions of might
 g - 4 potions of invisibility
 j - 4 potions of lignification {unknown}
 o - 4 potions of heal wounds {unknown}
 p - 5 potions of degeneration {unknown}
 u - 2 potions of ambrosia {unknown}
 v - 5 potions of curing {unknown}
 x - 3 potions of haste {unknown}
 z - a potion of mutation {unknown}
 E - a potion of magic {unknown}
 F - 5 potions of flight {unknown}
 H - a potion of attraction {unknown}
 L - a potion of cancellation {unknown}
 R - a potion of berserk rage {unknown}


   Skills:
 + Level 16.6 Fighting
 + Level 16.6 Axes
 + Level 12.9 Armour
 - Level 2.6 Dodging
 - Level 10.5 Shields


You had 12 spell levels left.
You didn't know any spells.
Your spell library was empty.

Dungeon Overview and Level Annotations

Branches:
Dungeon (14/15)            Temple (0/1) D:7            Lair (2/5) D:9
    Orc (0/2) D:9          Vaults (0/5) D:13          Sewer (visited)
  IceCv (1/1)
  Swamp: Lair:2-3    Shoals: Lair:2-3     Snake: Lair:2-3    Spider: Lair:2-3

Altars:
Fedhas
Hepliaklqana
Kikubaaqudgha
Nemelex Xobeh
Okawaru
Qazlal
Trog
Vehumet
Wu Jian
Xom
Zin
The Shining One

Shops:
D:1 [

Portals:
Trove: D:13 (give 6 scrolls of blinking)


Innate Abilities, Weirdness & Mutations

You have a pair of horns on your head.
You reflexively headbutt those who attack you in melee.


Message History

The frost giant freezes you.
* * * LOW HITPOINT WARNING * * *
You barely miss the frost giant. You headbutt the frost giant!
The frost giant is moderately wounded.
The frost giant hits you with a +1 battleaxe of freezing.
* * * LOW HITPOINT WARNING * * *
The frost giant freezes you.
* * * LOW HITPOINT WARNING * * *
You hit the frost giant but do no damage.
The frost giant is moderately wounded.
You slash the frost giant! You burn the frost giant.
You headbutt the frost giant!
The frost giant is heavily wounded.
The frost giant points at you and mumbles some strange words.
The bolt of cold hits you! You resist.
* * * LOW HITPOINT WARNING * * *
You slice the frost giant!! You burn the frost giant.
The frost giant is severely wounded.
You slash the frost giant! You burn the frost giant.
You headbutt the frost giant, but do no damage.
The frost giant is almost dead.
The frost giant points at you and mumbles some strange words.
The bolt of cold hits you! You resist.
* * * LOW HITPOINT WARNING * * *
You are too berserk!
You feel a strong urge to attack something.
You feel your anger nearly subside.
You are no longer berserk.
You are exhausted.
You feel yourself slow down.
Okay, then.
You see here a +1 spear of venom.
Blink to where?
Press: ? - help, Dir - move target
As you read the scroll of blinking, it crumbles to dust.
As you read the scroll of fear, it crumbles to dust.
You assume a fearsome visage.
The frost giant looks frightened!
You are engulfed in freezing vapours.
You resist.
* * * LOW HITPOINT WARNING * * *
You are engulfed in freezing vapours.
You resist.
You die...

#..§°☼# ##..#.#
##... ##.§☼#
#...#.## #.#.
#§§☼§# ##..###.#
###.
##§.☼###...###.#
##
#§§###...###..#
## ##§###..##
#..# #. ##§#...#
#.## #. #○§#...#
#..## #.
###@..## ##..#
## #.§##### #..#
##
#.####.####.##
##. #..##..)#
#..###..
##†##.⌠.#
##..#...
#YC...)# #.....#
##..#.## ##....#
#####.## ##...#
##Y##C# #..##


You could see a frost giant (fleeing) and a death yak.

Vanquished Creatures
  An ettin (D:13)
  A catoblepas (D:13)
  A boulder beetle (D:12)
  2 centaur warriors (D:13)
  8 death yaks
  2 two-headed ogres (D:12)
  Pikel (D:8)
  A deep elf pyromancer (D:13)
  4 lindwurms (D:12)
  2 cyclopes
  2 manticores (D:13)
  Joseph (D:10)
  An ice statue (IceCv)
  2 cane toads (Lair:2)
  Maggie (D:6)
  4 gargoyles
  A rime drake (IceCv)
  4 komodo dragons
  A kobold demonologist (D:10)
  An unseen horror (D:12)
  A freezing wraith (D:13)
  A troll (D:11)
  9 polar bears (IceCv)
  A meliai (shapeshifter) (D:13)
  A hornet (D:7)
  3 blink frogs (Lair:1)
  A vampire (D:8)
  45 yaks
  A wyvern (D:11)
  3 wraiths
  8 slime creatures
  3 fire bats (Lair:1)
  2 humans (D:10)
  A basilisk (Lair:2)
  4 steam dragons
  A swamp worm (D:7)
  An acid dragon (D:10)
  4 water moccasins
  3 orc warriors
  Pargi (Sewer)
  2 black bears
  An ogre (D:6)
  24 wolves
  15 centaurs
  3 phantoms (D:4)
  3 kobold brigands
  8 bullfrogs
  2 gnoll sergeants
  A scorpion (D:5)
  13 wights
  10 killer bees
  5 howler monkeys
  3 hounds
  5 orc priests
  A jelly (D:5)
  2 iguanas (D:5)
  3 sleepcaps
  6 orc wizards
  12 gnolls
  An adder (D:4)
  A river rat (D:4)
  A shadow imp (D:6)
  3 white imps
  An ufetubus (D:5)
  A worm (D:4)
  6 dart slugs
  25 orcs
  9 ball pythons
  3 bats
  6 endoplasms
  3 giant cockroaches
  8 goblins
  5 hobgoblins
  9 jackals
  3 quokkas
  3 frilled lizards
  25 kobolds
  10 rats
377 creatures vanquished.

Vanquished Creatures (others)
  A kobold brigand (D:8)
  A jelly (D:8)
  2 fungi
  17 plants
21 creatures vanquished.

Grand Total: 398 creatures vanquished

Notes
Turn   | Place    | Note
-------+----------+-------------------------------------------
     0 | D:1      | meatpath the Minotaur Berserker began the quest for the
                  | Orb.
     0 | D:1      | Reached XP level 1. HP: 19/19 MP: 0/0
   202 | D:1      | Reached XP level 2. HP: 27/27 MP: 1/1
   552 | D:1      | Reached XP level 3. HP: 33/33 MP: 2/2
   639 | D:1      | Found Naim's Armour Shop.
  1255 | D:2      | Reached ** piety under Trog
  1534 | D:3      | Reached XP level 4. HP: 37/41 MP: 3/3
  1858 | D:3      | Found a glowing golden altar of the Shining One.
  2043 | D:1      | Bought a scarf of repulsion for 120 gold pieces
  2152 | D:4      | Found a glowing drain.
  2176 | Sewer    | Entered a sewer
  2193 | Sewer    | Noticed Pargi
  2203 | Sewer    | Killed Pargi
  2204 | Sewer    | Reached skill level 5 in Fighting
  2204 | Sewer    | Reached skill level 5 in Axes
  2204 | Sewer    | Reached XP level 5. HP: 48/48 MP: 2/4
  2390 | D:4      | Noticed a phantom
  2406 | D:4      | Killed a phantom
  2407 | D:4      | Reached XP level 6. HP: 49/56 MP: 3/5
  2468 | D:4      | Reached skill level 5 in Armour
  2619 | D:4      | Found a radiant altar of Vehumet.
  2670 | D:4      | Reached *** piety under Trog
  2924 | D:5      | Entered Level 5 of the Dungeon
  3027 | D:5      | Found a stormy altar of Qazlal.
  3057 | D:5      | Reached XP level 7. HP: 59/63 MP: 4/6
  3353 | D:1      | Bought a +0 kite shield for 45 gold pieces
  3668 | D:5      | Found an ornate altar of the Wu Jian Council.
  3777 | D:6      | Noticed Maggie
  3933 | D:6      | Reached skill level 1 in Shields
  3987 | D:6      | Noticed a steam dragon
  4000 | D:6      | Killed a steam dragon
  4001 | D:6      | Reached XP level 8. HP: 72/73 MP: 7/7
  4066 | D:6      | Killed Maggie
  4583 | D:6      | Found an ancient bone altar of Kikubaaqudgha.
  5031 | D:6      | Reached skill level 5 in Shields
  5060 | D:6      | Found a sparkling altar of Nemelex Xobeh.
  5271 | D:7      | Reached XP level 9. HP: 75/82 MP: 6/8
  5352 | D:7      | Reached **** piety under Trog
  5606 | D:7      | Reached skill level 10 in Fighting
  5606 | D:7      | Reached skill level 10 in Axes
  5771 | D:7      | Found a staircase to the Ecumenical Temple.
  6002 | D:8      | Noticed Pikel
  6010 | D:8      | Killed Pikel
  6011 | D:8      | Reached XP level 10. HP: 92/94 MP: 7/9
  6710 | D:8      | Noticed a gargoyle
  6725 | D:8      | Killed a gargoyle
  7160 | D:9      | Found a hazy altar of Hepliaklqana.
  7164 | D:9      | Found a staircase to the Orcish Mines.
  7239 | D:9      | Reached ***** piety under Trog
  7974 | D:9      | Found a staircase to the Lair.
  8271 | D:10     | Entered Level 10 of the Dungeon
  8275 | D:10     | Noticed a sixfirhy
  8519 | D:10     | Reached skill level 10 in Shields
  8526 | D:10     | Reached XP level 11. HP: 72/104 MP: 8/10
  8655 | D:10     | Noticed Joseph
  8667 | D:10     | Killed Joseph
  8679 | D:10     | Found an iron altar of Okawaru.
  8965 | D:10     | Found a shimmering altar of Xom.
  8965 | D:10     | Found a bloodstained altar of Trog.
  9387 | D:10     | Found a blossoming altar of Fedhas.
  9387 | D:10     | Found a glowing silver altar of Zin.
  9857 | D:11     | Received a gift from Trog
 10351 | D:12     | Noticed a two-headed ogre
 10361 | D:12     | Killed a two-headed ogre
 10528 | D:12     | Noticed a boulder beetle
 10548 | D:12     | Killed a boulder beetle
 10684 | D:12     | Noticed a two-headed ogre
 10684 | D:12     | Noticed a lindwurm
 10714 | D:12     | Killed a two-headed ogre
 10717 | D:12     | Noticed a lindwurm
 10721 | D:12     | Noticed a lindwurm
 10728 | D:12     | Noticed a lindwurm
 10851 | D:12     | You fall into a shaft and drop 2 floors!
 10905 | D:13     | Noticed a deep elf pyromancer
 10912 | D:13     | Noticed a catoblepas
 10913 | D:13     | Noticed a centaur warrior
 10915 | D:13     | Reached XP level 12. HP: 116/116 MP: 9/11
 10921 | D:13     | Killed a catoblepas
 10923 | D:13     | Killed a centaur warrior
 12060 | D:13     | Noticed an ettin
 12070 | D:13     | Killed an ettin
 12071 | D:13     | Reached skill level 10 in Armour
 12107 | D:13     | Found a gate to the Vaults.
 12253 | D:13     | Noticed a centaur warrior
 12261 | D:13     | Killed a centaur warrior
 12438 | D:13     | Reached skill level 15 in Axes
 12438 | D:13     | Found a portal to a secret trove of treasure.
 12442 | D:13     | Reached skill level 15 in Fighting
 12454 | D:13     | Identified a scroll of acquirement
 12455 | D:13     | Acquired 397 gold pieces
 12922 | Lair:1   | Entered Level 1 of the Lair of Beasts
 13068 | Lair:1   | Identified the +2 robe "Teph" {*Corrode rF+ Will+ Dex+7}
 13172 | Lair:1   | Found a dark tunnel.
 13317 | Lair:1   | Received a gift from Trog
 13810 | Lair:2   | Reached XP level 13. HP: 113/127 MP: 12/12
 13960 | Lair:2   | Found a frozen archway.
 14111 | IceCv    | Entered an ice cave
 14834 | IceCv    | Noticed a frost giant
 14864 | IceCv    | Engulfed by a cloud of freezing vapour

Illustrated notes

Levels and vault maps discovered:
D:1:      dpeg_arrival_erosion, layout_basic, serial_shops,
          nicolae_shop_waterfront, st_stairs_9, minmay_misc_feat_hallway,
          amcnicky_mini_pool_small
D:2:      layout_basic
D:3:      layout_rooms, tso_oasis_becter, grunt_decor_fettered
D:4:      layout_basic, kennysheep_mini_moat, portal_sewer_entry_c,
          minmay_increasing_density
D:5:      layout_cave_pools, mainiacjoe_overflow_surrounded_room,
          grunt_qazlal_sundering
D:6:      layout_loops_corners, nemelex_dance_club_becter,
          kiku_gazebo_pond_becter, uniq_maggie
D:7:      layout_rooms, minmay_temple_entry_glassed_door, worms_lemuel
D:8:      layout_rooms, uniq_pikel
D:9:      layout_long_grid, amcnicky_altar_gilded, david_lair_shrubbed,
          kennysheep_generic_room_7
D:10:     layout_basic, okawaru_humans,
          chequers_temple_overflow_statue_of_worship,
          gammafunk_temple_overflow_elements, enter_bailey_5,
          nicolae_twisting_strands, uniq_joseph
D:11:     layout_gridville
D:12:     layout_basic, minmay_lindwurm_lava
D:13:     layout_rooms, david_vaults_4, enter_trove_1
D:14:     layout_gridville, fiery_altar_vehumet
Lair:1:   layout_regular_city, nicolae_volcano_entry_batcave,
          lemuel_fruit_fields
Lair:2:   layout_small_grid, portal_ice_cave_entry_pillars_2
IceCv:    ice_cave_caverns_01

Skill      XL: |  1  2  3  4  5  6  7  8  9 10 11 12 13 |
---------------+----------------------------------------+-----
Fighting       | 4 5 6 7 8 10 12 13 15 16 | 16.6
Axes           | 4 5 6 7 8 10 12 13 15 16 | 16.6
Armour         | 3 4 5 6 8 11 12 | 12.9
Shields        | 2 5 7 10 | 10.5
Dodging        | |  2.6

Action                     |  1- 3 |  4- 6 |  7- 9 | 10-12 | 13-15 || total
---------------------------+-------+-------+-------+-------+-------++-------
  Melee: Hand axe          |    81 |   119 |    88 |       |       ||   288
         Headbutt          |    12 |    25 |    41 |   100 |    45 ||   223
         Broad axe         |       |       |   138 |   441 |   173 ||   752
 Invoke: Berserk           |     1 |       |     1 |     3 |     1 ||     6
    Use: Scroll            |     2 |     1 |     5 |    14 |     2 ||    24
         Potion            |       |       |     1 |     1 |       ||     2
 Armour: Animal skin       |    13 |       |       |       |       ||    13
         Ring mail         |    22 |    12 |       |       |       ||    34
         Plate armour      |       |    75 |   118 |   256 |    75 ||   524
  Dodge: Dodged            |    46 |    47 |    64 |   143 |    37 ||   337
         Repelled          |       |       |     2 |     5 |       ||     7
  Block: Kite shield       |       |       |   101 |   293 |    97 ||   491
